 Dungeon Crawl Stone Soup version 0.17.0-23-g0de4337 (console) character file.

0 rchandra the Skirmisher (level 1, -1/19 HPs)
             Began as a Draconian Abyssal Knight on Nov 14, 2015.
             Was a Follower of Lugonu.
             Slain by a giant gecko (2 damage)
             ... on level 1 of the Dungeon.
             The game lasted 00:00:32 (110 turns).

rchandra the Skirmisher (Draconian Abyssal Knight)   Turns: 110, Time: 00:00:32

Health: -1/19      AC:  4    Str: 14    XL:     1   Next: 8%
Magic:  2/2        EV: 12    Int: 12    God:    Lugonu [*.....]
Gold:   5          SH:  0    Dex: 10    Spells: 0 memorised, 0 levels left

rFire  . . .     SeeInvis .     a - +1 mace
rCold  . . .     Clarity  .     (armour unavailable)
rNeg   . . .     SustAt   .     (no shield)
rPois  .         Gourm    .     (helmet restricted)
rElec  .         Spirit   .     (no cloak)
rCorr  .         Warding  .     (no gloves)
rMut   .         Stasis   .     (no boots)
MR     .....                    (no amulet)
Stlth  +.........               (no ring)
                                (no ring)

@: not resistant to hostile enchantments, very unstealthy
A: unfitting armour, cold-blooded, AC +4
a: Depart the Abyss, Renounce Religion


You were on level 1 of the Dungeon.
You worshipped Lugonu.
Lugonu was aware of your devotion.
You were not hungry.

You visited 1 branch of the dungeon, and saw 1 of its levels.
You visited the Abyss 1 time.

You collected 5 gold pieces.

Inventory:

Hand Weapons
 a - a +1 mace (weapon)
Scrolls
 d - a scroll of teleportation {unknown}
 e - a scroll of fear {unknown}
Potions
 c - a potion of agility {unknown}
Comestibles
 b - a bread ration
 f - 2 chunks of flesh


   Skills:
 - Level 3.2 Fighting
 + Level 2.0 Maces & Flails
 - Level 2.1 Dodging
 - Level 2.0 Invocations


You couldn't memorise any spells.
You didn't know any spells.

Dungeon Overview and Level Annotations

Branches:
Dungeon (1/15)

Altars:


Innate Abilities, Weirdness & Mutations

Your plain brown scales are hard (AC +4).
Your body does not fit into most forms of armour.
You are cold-blooded and may be slowed by cold attacks.


Message History

c - a cyan potion
There is a dry fountain here.
d - a scroll labeled WIRALA OCKI
There is a dry fountain here.
There is a dry fountain here.
e - a scroll labeled BIREDU VEROWU A goblin comes into view.
It is wielding a club.
The goblin shouts!
A goblin is nearby!
The goblin closely misses you.
You hit the goblin but do no damage. The goblin barely misses you.
You hit the goblin.
You kill the goblin!
Lugonu accepts your kill.
Things that are here:
a club; a goblin corpse You butcher the goblin corpse.
f - 2 chunks of flesh You see here a club.
A giant gecko comes into view.
A hobgoblin comes into view.
You barely miss the giant gecko. The giant gecko bites you.
The giant gecko closely misses you.
You take 2 damage, and have 17/19 hp.
You hit the giant gecko but do no damage.
The giant gecko barely misses you.
You miss the giant gecko. The giant gecko bites you. The giant gecko bites you.
You take 3 damage, and have 14/19 hp.
You closely miss the giant gecko. The giant gecko bites you.
The hobgoblin hits you but does no damage.
You take 4 damage, and have 10/19 hp.
MASSIVE DAMAGE!!
You hit the giant gecko but do no damage.
The giant gecko bites you.
* * * LOW HITPOINT WARNING * * *
The hobgoblin misses you. The giant gecko misses you.
You take 3 damage, and have 7/19 hp.
You hit the giant gecko.
The giant gecko is severely wounded.
The giant gecko bites you.
* * * LOW HITPOINT WARNING * * *
The giant gecko bites you.
* * * LOW HITPOINT WARNING * * *
You take 6 damage, and have 1/19 hp.
MASSIVE DAMAGE!!
You closely miss the giant gecko.
The giant gecko is severely wounded.
The giant gecko closely misses you. The giant gecko barely misses you.
You closely miss the giant gecko.
The giant gecko is severely wounded.
The giant gecko bites you.
You die...

######### #.......#
#.#####.#### #
#######.#####.##.####
#...δlg..........)...
#.#####....##......##
#......##.#...###
............##.##
####.##########.# #.
#.# .. #+# #. #.


You could see a giant gecko and a hobgoblin.

Vanquished Creatures
  A goblin (D:1)
1 creature vanquished.

Notes
Turn   | Place    | Note
--------------------------------------------------------------
     0 | Abyss:1  | rchandra the Draconian Abyssal Knight began the quest for the Orb.
     0 | Abyss:1  | Reached XP level 1. HP: 19/19 MP: 2/2
    18 | Abyss:1  | Found a corrupted altar of Lugonu.
    25 | D:1      | Escaped the Abyss
   110 | D:1      | Slain by a giant gecko

Action                   || total
-------------------------++-------
Melee: Mace              ||    10

Vault maps used:
D:1:      dpeg_arrival_leaves_temple_mockup, serial_forest,
          infiniplex_forest_straight_4, infiniplex_forest_clump_small,
          infiniplex_forest_clump_large, infiniplex_forest_straight_4,
          infiniplex_forest_lined_ring, infiniplex_forest_clump_diagonal,
          infiniplex_forest_lined_room_2, corner_web_ring
Abyss:1:  abyss_greek_temple
